 Dungeon Crawl Stone Soup version 0.30-a0-1066-g63dfefce0d (webtiles) character file.

Game seed: 10784899348470330965

23 jimonade the Insei (level 2, 0/18 HPs)
             Began as an Octopode Transmuter on Apr 12, 2023.
             Slain by a kobold
             ... wielding a +0 whip
              (4 damage)
             ... on level 1 of the Dungeon.
             The game lasted 00:00:50 (298 turns).

jimonade the Insei (Octopode Transmuter)             Turns: 298, Time: 00:00:51

Health: 0/18       AC:  1    Str:  9    XL:     2   Next: 95%
Magic:  5/5        EV: 13    Int: 15    God:
Gold:   25         SH:  0    Dex: 12    Spells: 4/5 levels left

rFire   . . .      SeeInvis .      - Unarmed
rCold   . . .      Faith    .    (no shield)
rNeg    . . .      Spirit   .    (helmet currently unavailable)
rPois   .          Reflect  .    (no amulet)
rElec   .          Rampage  .    (no ring)
rCorr   .                        (no ring)
Will    .....                    (no ring)
Stlth   ++                       (no ring)
HPRegen 0.23/turn                (no ring)
MPRegen 0.09/turn                (no ring)
                                 (no ring)
                                 (no ring)

@: appendages (expiring)
A: tentacle spike 3, almost no armour, amphibious, 8 rings, camouflage 1,
gelatinous body 1, (nimble swimmer 1), tentacles
a: End Transformation


You were on level 1 of the Dungeon.
One of your tentacles had grown a beastly spike.
You visited 1 branch of the dungeon, and saw 1 of its levels.

You collected 25 gold pieces.

Inventory:

Hand Weapons
 c - a +0 hand axe
Scrolls
 b - a scroll of vulnerability {unknown}
 d - a scroll of identify {unknown}
 f - a scroll of blinking {unknown}
Potions
 a - a potion of lignification
 e - 2 potions of flight {unknown}


   Skills:
 + Level 1.1 Fighting
 + Level 2.1 Dodging
 + Level 3.2 Unarmed Combat
 + Level 2.2 Spellcasting
 * Level 2.6 Transmutations


You had 4 spell levels left.
You knew the following spells:

 Your Spells              Type           Power      Damage    Failure   Level
a - Beastly Appendage     Tmut           18%        N/A       8%          1

Your spell library contained the following spells:

 Spells                   Type           Power      Damage    Failure   Level
 Wereblood                Tmut           9%         N/A       11%         2
 Spider Form              Tmut/Pois      5%         N/A       36%         3
 Ice Form                 Ice/Tmut       5%         N/A       77%         4


Dungeon Overview and Level Annotations

Branches:
Dungeon (1/15)

Altars:


Innate Abilities, Weirdness & Mutations

One of your tentacles has grown a beastly spike.
You cannot wear most types of armour.
You are amphibious.
You can wear up to eight rings at the same time.
Your skin changes colour to match your surroundings (Stealth+).
Your rubbery body absorbs attacks. (AC +1, EV +1)
((You are camouflaged when in or above water. (Stealth+)))
You have tentacles for arms and can constrict up to eight enemies at once.


Message History

You are too injured to fight recklessly!
You are too injured to fight recklessly!
You are too injured to fight recklessly!
The goblin attacks as you move away! The goblin misses you.
You are too injured to fight recklessly!
You are too injured to fight recklessly!
You closely miss the goblin. You grab the goblin. You squeeze the goblin.
You kill the goblin!
You tentacle-slap the dart slug but do no damage.
You grab the dart slug.
You pierce the dart slug.
You kill the dart slug!
Your transformation is almost over.
You closely miss the quokka. Your grab misses the quokka.
The quokka closely misses you.
You closely miss the quokka. Your grab misses the quokka.
The quokka closely misses you. The quokka bites you.
You barely miss the quokka. Your grab misses the quokka.
You pierce the quokka.
Your squeeze misses the quokka.
The quokka is severely wounded.
The quokka barely misses you.
You miss the quokka. Your grab misses the quokka.
The quokka is severely wounded.
The quokka closely misses you.
You barely miss the quokka. Your grab misses the quokka.
The quokka is severely wounded.
The quokka closely misses you.
You tentacle-slap the quokka but do no damage.
Your grab misses the quokka.
Your tentacle spike misses the quokka.
You squeeze the quokka, but do no damage.
The quokka is severely wounded.
The quokka bites you.
* * * LOW HITPOINT WARNING * * *
You miss the quokka. Your grab misses the quokka.
Your tentacle spike misses the quokka.
The quokka is severely wounded.
The quokka completely misses you.
You closely miss the quokka. You grab the quokka.
You pierce the quokka.
You kill the quokka!
The kobold hits you with a +0 whip.
You die...

..........####..##....
$.......#.##.....#.##....
..w.....#.######.........
...........# ##..#.....
.......##..# #........
....... #..### #...#....
....... #....####.#.#....
##....K##................
.....ggK@.##############.
####..wJ####...........##
#..####................
#..##.(.....#########...
#..##.....####..# ####
#.##....###.....# # .
#....##.....#######
##...##....### #...###
#.........## #.....##


You could see a dart slug, an endoplasm, a hobgoblin, a goblin and 2 kobolds.

Vanquished Creatures
  A dart slug (D:1)
  2 endoplasms (D:1)
  A giant cockroach (D:1)
  5 goblins (D:1)
  2 hobgoblins (D:1)
  A quokka (D:1)
  2 ball pythons (D:1)
  2 bats (D:1)
  A frilled lizard (D:1)
  3 rats (D:1)
20 creatures vanquished.

Notes
Turn   | Place    | Note
-------+----------+-------------------------------------------
     0 | D:1      | jimonade the Octopode Transmuter began the quest for the
                  | Orb.
     0 | D:1      | Reached XP level 1. HP: 13/13 MP: 3/3
   130 | D:1      | Reached XP level 2. HP: 18/18 MP: 1/5
   298 | D:1      | Slain by a kobold

Illustrated notes

Levels and vault maps discovered:
D:1:      dpeg_arrival_circle_labyrinth_c, layout_rooms, serial_shops,
          nicolae_lakefront_shop

Action                     || total
---------------------------++-------
  Melee: Unarmed           ||    42
         Kick              ||    10
         Constrict         ||    11
         Tentacles         ||     6
   Cast: Beastly Appendage ||     6
   Stab: Sleeping          ||     1
 Armour: Skin              ||     2
  Dodge: Dodged            ||    30

Table legend: (Time is in decaauts)
 A = Elapsed time spent in this place.
 B = Non-inter-level travel time spent in this place.
 C = Inter-level travel time spent in this place.
 D = Time resting spent in this place.
 E = Time spent auto-exploring this place.
 F = Levels seen in this place.
 G = Mean time per level.
                   A        B        C        D        E       F      G
               +--------+--------+--------+--------+--------+-----+--------+
         Total |    295 |    295 |      0 |      0 |    200 |   1 |  295.0 |
       Dungeon |    295 |    295 |      0 |      0 |    200 |   1 |  295.0 |
               +--------+--------+--------+--------+--------+-----+--------+

Top non-repeatable levels by time:
     D:1: 295 daAuts
